 Dungeon Crawl Stone Soup version 0.16.1-11-g651b585 (webtiles) character file.

63 Psiweapon the Ruffian (level 3, -1/28 HPs)
             Began as a Minotaur Transmuter on Apr 2, 2015.
             Slain by a hobgoblin (5 damage)
             ... led by Robin
             ... on level 2 of the Dungeon.
             The game lasted 00:04:46 (1251 turns).

Psiweapon the Ruffian (Minotaur Transmuter)         Turns: 1251, Time: 00:04:46

Health: -1/28      AC:  3    Str: 14    XL:     3   Next: 89%
Magic:  3/3        EV: 12    Int: 11    God:
Gold:   117        SH:  0    Dex: 10    Spells: 2 memorised, 1 level left

rFire  . . .     SeeInvis .       - Unarmed
rCold  . . .     Clarity  .     c - +0 robe
rNeg   . . .     SustAb   .     (no shield)
rPois  .         Gourm    .     (helmet restricted)
rElec  .         Spirit   .     p - +0 cloak
rCorr  .         Warding  .     (no gloves)
rMut   .         Stasis   .     (no boots)
MR     .....                    (no amulet)
Stlth  +.........               (no ring)
                                (no ring)

@: not resistant to hostile enchantments, very unstealthy
A: retaliatory headbutt, horns 2
a: no special abilities


You were on level 2 of the Dungeon.
You were not hungry.

You visited 1 branch of the dungeon, and saw 3 of its levels.

You collected 117 gold pieces.

Inventory:

Missiles
 b - 20 arrows
 j - 35 poisoned needles
Armour
 c - a +0 robe (worn)
 p - a +0 cloak (worn)
 s - a +0 ring mail
 t - a cursed -1 leather armour
 w - a +0 leather armour
Scrolls
 g - a scroll of teleportation {unknown}
 i - 3 scrolls of identify {unknown}
 k - a scroll of random uselessness {unknown}
 q - 2 scrolls of magic mapping {unknown}
 v - a scroll of remove curse {unknown}
Potions
 e - 2 potions of curing {unknown}
 f - a potion of ambrosia {unknown}
 m - a potion of haste {unknown}
 n - a potion of cancellation {unknown}
 x - a potion of mutation {unknown}
Books
 d - a book of Changes

   Spells                             Type                      Level
   a - Beastly Appendage              Transmutation                1
   b - Sticks to Snakes               Transmutation                2
   c - Spider Form                    Transmutation/Poison         3
   d - Ice Form                       Ice/Transmutation            4
   e - Blade Hands                    Transmutation                5
 l - a book of the Warp

   Spells                             Type                      Level
   a - Recall                         Summoning/Translocation      3
   b - Control Teleport               Charms/Translocation         4
   c - Force Lance                    Conjuration/Translocation    4
   d - Phase Shift                    Translocation                5
   e - Warp Weapon                    Charms/Translocation         5
   f - Gell's Gravitas                Hexes/Translocation          5
   g - Summon Forest                  Summoning/Translocation      5
Comestibles
 a - a bread ration
 h - 2 meat rations
 o - 8 chunks of flesh
 r - a beef jerky
 u - 5 fruits


   Skills:
 - Level 1.2 Fighting
 - Level 2.1 Dodging
 + Level 4.3 Unarmed Combat
 - Level 1.3 Spellcasting
 + Level 2.7 Transmutations


You had one spell level left.
You knew the following spells:

 Your Spells              Type           Power        Failure   Level  Hunger
a - Beastly Appendage     Trmt           #.....       12%         1    ##.....
b - Sticks to Snakes      Trmt           #.........   17%         2    ###....


Dungeon Overview and Level Annotations

Branches:
Dungeon (3/15)

Altars:


Innate Abilities, Weirdness & Mutations

You reflexively headbutt those who attack you in melee.
You have a pair of horns on your head.


Message History

You hit Robin. You headbutt Robin.
You kill Robin!
You hit the hobgoblin.
You kill the hobgoblin!
You hit the goblin but do no damage. Your headbutt misses the goblin.
The goblin barely misses you.
You hit the goblin.
You kill the goblin!
You closely miss the goblin. The goblin hits you.
* * * LOW HITPOINT WARNING * * *
You hit the goblin.
You kill the goblin!
You barely miss the rat. You headbutt the rat.
You kill the rat!
You closely miss the hobgoblin. The hobgoblin barely misses you.
You hit the hobgoblin but do no damage. The hobgoblin barely misses you.
You hit the hobgoblin.
The hobgoblin is almost dead.
The hobgoblin hits you.
You die...

.....<..#... .....
.......##... ...
...#.#.##...#####.#
...#.#.##.##...##.#
..<<.#.##.........#
.....#.#..........#
....)#.#..##...#..#
..........>...##g##
.#...#..#.######@#
.##.....#.# #)#
......###.# #.#
......# #.# #.#
####... ..# #..
..#. .## ...
....... .... ..# .
.... ......


You could see a hobgoblin.

Vanquished Creatures
  Robin (D:2)
  2 giant geckos (D:2)
  An ooze (D:1)
  10 bats
  2 giant cockroaches (D:1)
  4 hobgoblins
  A quokka (D:2)
  10 goblins
  4 jackals (D:1)
  6 kobolds
  4 rats
45 creatures vanquished.

Notes
Turn   | Place    | Note
--------------------------------------------------------------
     0 | D:1      | Psiweapon, the Minotaur Transmuter, began the quest for the Orb.
     0 | D:1      | Reached XP level 1. HP: 16/16 MP: 2/2
   279 | D:1      | Reached XP level 2. HP: 11/23 MP: 2/2
   647 | D:2      | Learned a level 2 spell: Sticks to Snakes
   991 | D:1      | Reached XP level 3. HP: 24/28 MP: 3/3
  1108 | D:1      | Reached skill level 4 in Unarmed Combat
  1214 | D:2      | Noticed Robin
  1242 | D:2      | Killed Robin
  1251 | D:2      | Slain by a hobgoblin

Action                   || total
-------------------------++-------
Melee: Unarmed           ||   116
  Eat: Chunk             ||     1
